 Dungeon Crawl Stone Soup version 0.27-a0-1202-ge72e49191c (webtiles) character file.

Game seed: 16783696526673389703

22 rlgrobin the Chopper (level 2, -1/27 HPs)
             Began as a Hill Orc Berserker on June 3, 2021.
             Was a Follower of Trog.
             Succumbed to an adder's poison
             ... on level 2 of the Dungeon.
             The game lasted 00:02:45 (646 turns).

rlgrobin the Chopper (Hill Orc Berserker)            Turns: 646, Time: 00:02:45

Health: -1/27      AC:  2    Str: 19    XL:     2   Next: 91%
Magic:  2/2        EV: 12    Int:  7    God:    Trog [*.....]
Gold:   32         SH:  0    Dex: 10    Spells: 1/1 levels left

rFire    . . .     SeeInvis .   a - +0 hand axe
rCold    . . .     Faith    .   (no shield)
rNeg     . . .     Spirit   .   b - +0 animal skin
rPois    .         Reflect  .   (no helmet)
rElec    .         Harm     .   (no cloak)
rCorr    .         Rampage  .   (no gloves)
Will     .....                  (no boots)
Stlth    +.........             (no amulet)
HPRegen  0.09/turn              (no ring)
MPRegen  0.08/turn              (no ring)

@: lethally poisoned (-1 -> -3), on berserk cooldown, slowed, very slow
A: no striking features
a: Renounce Religion, Berserk


You were on level 2 of the Dungeon.
You worshipped Trog.
Trog was aware of your devotion.
You visited 1 branch of the dungeon, and saw 2 of its levels.

You collected 32 gold pieces.

Inventory:

Hand Weapons
 a - a +0 hand axe (weapon)
 f - a +0 hunting sling
Armour
 b - a +0 animal skin (worn)
Scrolls
 c - a scroll of identify {unknown}
 d - a scroll of summoning {unknown}
 h - a scroll of enchant armour {unknown}
Potions
 e - a potion of brilliance {unknown}
 g - a potion of lignification {unknown}


   Skills:
 + Level 3.9 Fighting
 + Level 4.3 Axes
 + Level 2.2 Armour
 + Level 2.2 Dodging


You had one spell level left.
You didn't know any spells.
Your spell library was empty.

Dungeon Overview and Level Annotations

Branches:
Dungeon (2/15)

Altars:


Message History

You feel very sick. The adder barely misses you.
You slash the adder!
You kill the adder!
Trog accepts your kill.
* * * LOW HITPOINT WARNING * * *
You feel very sick.
Your Dodging skill increases to level 2!
There is a lethal amount of poison in your body!
There is a lethal amount of poison in your body!
A red film seems to cover your vision as you go berserk!
You feel yourself moving faster!
You feel mighty!
* * * LOW HITPOINT WARNING * * *
You feel sick.
Unknown command.
You start resting.
You feel a strong urge to attack something.
* * * LOW HITPOINT WARNING * * *
You feel sick.
* * * LOW HITPOINT WARNING * * *
You feel sick.
You feel your anger nearly subside.
* * * LOW HITPOINT WARNING * * *
You feel sick.
There is an open door here.
You start resting.
You are no longer berserk.
You are exhausted.
You feel yourself slow down.
* * * LOW HITPOINT WARNING * * *
You feel sick.
There is a lethal amount of poison in your body!
There is a lethal amount of poison in your body!
* * * LOW HITPOINT WARNING * * *
You feel sick.
Okay, then.
You're still recovering from your berserk rage.
You're still recovering from your berserk rage.
You aren't carrying any pieces of jewellery.
You die...

#..........#####≈≈≈≈≈#
#..........# #≈≈≈≈≈#
#..........# ##≈≈≈≈#
#..........# #≈≈≈≈≈
#..........# #≈≈≈≈≈
#..........# ##≈≈≈≈
#..........## #≈≈≈≈
#...........# #≈≈≈≈
#....@......# #≈≈≈≈
+...###'##...# ##≈≈≈
#.#.###.....## #≈≈≈
#.# #...>...# #≈≈≈
#.#†....# #≈≈≈
...#.....# #≈≈≈≈ #.#
#.....# #≈≈≈≈ ...
#.....# #≈≈≈≈ ..#
#.....# ≈≈≈≈≈


There were no monsters in sight!

Vanquished Creatures
  An adder (D:2)
  A dart slug (D:1)
  2 bats (D:1)
  A giant cockroach (D:1)
  A hobgoblin (D:2)
  2 quokkas
  A kobold (D:1)
  2 rats
11 creatures vanquished.

Notes
Turn   | Place    | Note
-------+----------+-------------------------------------------
     0 | D:1      | rlgrobin the Hill Orc Berserker began the quest for the
                  | Orb.
     0 | D:1      | Reached XP level 1. HP: 19/19 MP: 1/1
   213 | D:1      | Reached XP level 2. HP: 21/27 MP: 2/2
   645 | D:2      | HP: 1/27 [poisoned by an adder]
   646 | D:2      | Succumbed to an adder's poison

Illustrated notes

Levels and vault maps discovered:
D:1:      nicolae_arrival_memento_mori, layout_loops_cross, bh_walls_and_bars
D:2:      wander_river, layout_basic, shapermc_ecumenical_altar_starsandcircs

Skill      XL: |  1  2 |
---------------+-------+-----
Dodging        | 2 |  2.2
Fighting       | |  3.9
Axes           | |  4.3
Armour         | |  2.2

Action                   || total
-------------------------++-------
Melee: Hand axe          ||    37
Invok: Berserk           ||     1
Armor: Animal skin       ||    10
Dodge: Dodged            ||    25

Table legend: (Time is in decaauts)
 A = Elapsed time spent in this place.
 B = Non-inter-level travel time spent in this place.
 C = Inter-level travel time spent in this place.
 D = Time resting spent in this place.
 E = Time spent auto-exploring this place.
 F = Levels seen in this place.
 G = Mean time per level.
                   A        B        C        D        E       F      G
               +--------+--------+--------+--------+--------+-----+--------+
         Total |    647 |    641 |      6 |    349 |      0 |   2 |  323.5 |
       Dungeon |    647 |    641 |      6 |    349 |      0 |   2 |  323.5 |
               +--------+--------+--------+--------+--------+-----+--------+

Top non-repeatable levels by time:
     D:2: 326 daAuts
     D:1: 321 daAuts
